AoeStats
← ImpossibleMoney6290

Arabia

508299333Analyzed
1v1 RM · 11d ago on Sep 21, 2026· 66m 55s· 2 players
Game mode
Random Map
Map size
Tiny (2 player)
Population
200
Speed
Normal
Resources
Standard
Victory
Conquest
Starting age
Dark Age
Ending age
Imperial Age
RankedLock teamsTeams togetherTeam positionsShared explorationLock speedFull tech treeHidden civsTurbo modeCheats
Victory
Defeat
🇨🇴 Spanish · Colombia
1348
+14
🇦🇷 Portuguese · Argentina
1301
-14
ImpossibleMoney6290
7:16 Loom
9:38 Feudal Age
10:27 Double-Bit Axe
12:23 Fletching
16:01 Padded Archer Armor
17:34 Wheelbarrow
22:42 Castle Age
22:47 Crossbowman
23:31 Bodkin Arrow
23:52 Leather Archer Armor
25:50 Scale Barding Armor
25:55 Forging
26:45 Chain Barding Armor
26:47 Bow Saw
28:28 Iron Casting
29:59 Husbandry
30:14 Gold Mining
30:57 Town Watch
33:51 Devotion
36:41 Bloodlines
40:49 Imperial Age
39:51 Elite Skirmisher
40:36 Thumb Ring
40:56 Cavalier
41:46 Thumb Ring
41:02 Arbalester
43:16 Chemistry
43:16 Ballistics
43:38 Bracer
47:36 Ring Archer Armor
48:16 Hand Cart
49:53 Conscription
50:09 Pikeman
51:21 Scale Mail Armor
52:21 Blast Furnace
52:32 Chain Mail Armor
53:04 Halberdier
53:29 Gambesons
53:30 Arson
61:54 Plate Mail Armor
[Tunjos]Lord_Antic
6:45 Loom
9:59 Feudal Age
16:12 Castle Age
14:32 Double-Bit Axe
15:34 Fletching
16:53 Bodkin Arrow
25:24 Gold Mining
25:29 Stone Mining
25:38 Horse Collar
29:08 Wheelbarrow
34:24 Hand Cart
37:34 Padded Archer Armor
39:22 Leather Archer Armor
39:41 Light Cavalry
40:33 Bloodlines
41:34 Husbandry
47:49 Imperial Age
45:37 Gold Mining
46:10 Bow Saw
46:02 Heavy Plow
46:13 Scale Barding Armor
46:19 Light Cavalry
48:19 Chain Barding Armor
48:19 Hussar
49:44 Conscription
52:28 Plate Barding Armor
52:41 Forging
53:13 Bracer
53:24 Elite Skirmisher
55:39 Iron Casting
56:11 Ring Archer Armor
56:48 Chemistry
57:23 Blast Furnace
59:51 Two-Man Saw
61:57 Capped Ram
62:59 Siege Ram
67:13 Ballistics
Connection lost

Rejoining the realm…

Still unreachable

The connection could not be restored.

Session expired

The server has moved on; the page needs a fresh start.